 Dungeon Crawl Stone Soup version 0.28-a0-1002-gf00fe891ef (webtiles) character file.

Game seed: 10612328460402100297

126 Umoon the Ducker (level 4, -1/35 HPs)
             Began as a Demonspawn Gladiator on Dec 6, 2021.
             Killed by nerve-wracking pain
             ... invoked by Grinder
              (3 damage)
             ... on level 4 of the Dungeon.
             The game lasted 00:02:27 (3274 turns).

Umoon the Ducker (Demonspawn Gladiator)             Turns: 3274, Time: 00:02:28

Health: -1/35      AC:  5    Str: 16    XL:     4   Next: 83%
Magic:  4/4        EV: 13    Int:  9    God:
Gold:   96         SH:  0    Dex: 15    Spells: 3/3 levels left

rFire   . . .      SeeInvis .   a - +0 rapier
rCold   . . .      Faith    .   (no shield)
rNeg    . . .      Spirit   .   b - +0 leather armour
rPois   .          Reflect  .   c - +0 helmet
rElec   .          Harm     .   (no cloak)
rCorr   .          Rampage  .   (no gloves)
Will    .....                   (no boots)
Stlth   +.........              (no amulet)
HPRegen 0.11/turn               (no ring)
MPRegen 0.09/turn               (no ring)

@: no status effects
A: foul stench 1, powered by death 1, sharp scales 1
a: no special abilities


You were on level 4 of the Dungeon.
You visited 1 branch of the dungeon, and saw 4 of its levels.

You collected 96 gold pieces.

Inventory:

Hand Weapons
 a - a +0 rapier (weapon)
Missiles
 d - 3 throwing nets (quivered)
Armour
 b - a +0 leather armour (worn)
 c - a +0 helmet (worn)
Wands
 k - a wand of polymorph (9)
Scrolls
 f - a scroll of identify {unknown}
 g - 2 scrolls of teleportation {unknown}
 i - a scroll of enchant armour {unknown}
 j - a scroll of fog {unknown}
Potions
 e - 2 potions of curing {unknown}
 h - 2 potions of lignification {unknown}
 l - a potion of degeneration {unknown}
 m - a potion of heal wounds {unknown}
 n - a potion of flight {unknown}


   Skills:
 + Level 3.3 Fighting
 - Level 2.6 Short Blades
 - Level 1.7 Throwing
 + Level 2.1 Armour
 + Level 3.6 Dodging


You had 3 spell levels left.
You didn't know any spells.
Your spell library was empty.

Dungeon Overview and Level Annotations

Branches:
Dungeon (4/15)
 Temple: D:4-7

Altars:
Ashenzari
Hepliaklqana
Sif Muna

Shops:
D:3 :

Annotations:
D:4 Grinder


Innate Abilities, Weirdness & Mutations

You may rarely emit foul miasma when damaged in melee.
You regenerate a little health from kills.
You are partially covered in razor-sharp scales. (AC +1, Slay +1)


Message History

You hit Grinder but do no damage. Grinder hits you.
You writhe in agony.
You puncture Grinder!
Grinder is lightly wounded.
Grinder hits you!
You writhe in agony.
You are too injured to fight recklessly!
You are too injured to fight recklessly!
You are too injured to fight recklessly!
You are too injured to fight recklessly!
You are too injured to fight recklessly!
You are too injured to fight recklessly!
You are too injured to fight recklessly!
You are too injured to fight recklessly!
You are too injured to fight recklessly!
You are too injured to fight recklessly!
You are too injured to fight recklessly!
You are too injured to fight recklessly!
You are too injured to fight recklessly!
You are too injured to fight recklessly!
You are too injured to fight recklessly!
You are too injured to fight recklessly!
You are too injured to fight recklessly!
You are too injured to fight recklessly!
You are too injured to fight recklessly!
You are too injured to fight recklessly!
You hit Grinder but do no damage.
Grinder is lightly wounded.
Grinder closely misses you.
You completely miss Grinder.
Grinder is lightly wounded.
Grinder barely misses you.
You hit Grinder but do no damage.
Grinder is lightly wounded.
Grinder gestures at you. Pain shoots through your body!
* * * LOW HITPOINT WARNING * * *
You barely miss Grinder.
Grinder is lightly wounded.
Grinder gestures at you. Pain shoots through your body!
You die...

#######
....<.############
#####.#..........####
........#...........#
#####.###.######.##.###
....#.###.#........)..#
#
#.#.##.........##......#
# #....#..#.###.@#
##.##.# ###.........#
#.5# # ....#..#[...#
#.... ###.#.......#
...#.#
..#.#....>.........#
#.#.#.#.....###.####
#...##....# #.. #.#....
.... #.# .....## #..


You could see Grinder.

Vanquished Creatures
  5 adders
  5 dart slugs
  An orc (D:4)
  9 ball pythons
  7 endoplasms
  2 giant cockroaches
  2 goblins (D:3)
  4 hobgoblins
  7 jackals
  6 quokkas
  5 bats
  A frilled lizard (D:3)
  3 kobolds
  10 rats
67 creatures vanquished.

Notes
Turn   | Place    | Note
-------+----------+-------------------------------------------
     0 | D:1      | Umoon the Demonspawn Gladiator began the quest for the Orb.
     0 | D:1      | Reached XP level 1. HP: 16/16 MP: 1/1
   403 | D:1      | Gained mutation: You may rarely emit foul miasma when
                  | damaged in melee. [demonic ancestry]
   403 | D:1      | Reached XP level 2. HP: 22/22 MP: 2/2
   671 | D:1      | Reached skill level 1 in Armour
  1231 | D:2      | Gained mutation: You regenerate a little health from kills.
                  | [demonic ancestry]
  1231 | D:2      | Reached XP level 3. HP: 21/28 MP: 3/3
  1696 | D:2      | Gained mutation: You are partially covered in razor-sharp
                  | scales. (AC +1, Slay +1) [demonic ancestry]
  1696 | D:2      | Reached XP level 4. HP: 35/35 MP: 4/4
  2162 | D:3      | Found a shimmering blue altar of Sif Muna.
  2344 | D:3      | Found Mehaxzist's Book Shoppe.
  2472 | D:3      | Found a glowing drain.
  2537 | D:3      | Found a broken altar of Ashenzari.
  2807 | D:4      | Found a hazy altar of Hepliaklqana.
  3249 | D:4      | Noticed Grinder
  3274 | D:4      | Killed from afar by Grinder

Illustrated notes

Levels and vault maps discovered:
D:1:      matt_arrival_refuge, layout_basic
D:2:      layout_basic, st_stairs_4
D:3:      layout_loops_ring, nicolae_overflow_hidden_temple,
          lemuel_doored_altar, gup_sewer_entry_bubbles, serial_shops, shop
D:4:      minmay_recursive_quarters, layout_loops_ring,
          nicolae_overflow_crystal_walls,
          mainiacjoe_overflow_concentric_impassable, grunt_ministairs_13,
          uniq_grinder

Skill      XL: |  1  2  3  4 |
---------------+-------------+-----
Dodging        | 3 |  3.6
Armour         | 1 2 |  2.1
Fighting       | 3 |  3.3
Short Blades   | |  2.6
Throwing       | |  1.7

Action                   |  1- 3 |  4- 6 || total
-------------------------+-------+-------++-------
Melee: Rapier            |   107 |    97 ||   204
 Stab: Sleeping          |     2 |     2 ||     4
Armor: Leather armour    |    36 |    27 ||    63
Dodge: Dodged            |    75 |    58 ||   133

Table legend: (Time is in decaauts)
 A = Elapsed time spent in this place.
 B = Non-inter-level travel time spent in this place.
 C = Inter-level travel time spent in this place.
 D = Time resting spent in this place.
 E = Time spent auto-exploring this place.
 F = Levels seen in this place.
 G = Mean time per level.
                   A        B        C        D        E       F      G
               +--------+--------+--------+--------+--------+-----+--------+
         Total |   3339 |   3221 |    118 |    331 |   2418 |   4 |  834.8 |
       Dungeon |   3339 |   3221 |    118 |    331 |   2418 |   4 |  834.8 |
               +--------+--------+--------+--------+--------+-----+--------+

Top non-repeatable levels by time:
     D:1: 1154 daAuts
     D:3: 894 daAuts
     D:2: 798 daAuts
     D:4: 491 daAuts
